 Dungeon Crawl Stone Soup version 0.32-a0-872-g59262bdc9b (webtiles) character file.

Game seed: 5223434610438682282

31851 shadizar the Thaumaturge (level 13, -4/94 HPs)
             Began as a Djinni Conjurer on Mar 30, 2024.
             Was a High Priest of Makhleb.
             Slain by a boulder beetle (47 damage)
             ... on level 4 of the Lair of Beasts.
             The game lasted 00:25:30 (19383 turns).

shadizar the Thaumaturge (Djinni Conjurer)         Turns: 19383, Time: 00:25:31

Health: -4/94      AC:  9    Str:  6    XL:     13   Next: 99%
Gold:   943        EV: 14    Int: 25    God:    Makhleb [*****.] SH:  0 Dex: 15

rFire   + + .        j - staff of fire
rCold   + . .        (no shield)
rNeg    . . .        H - +2 leather armour {rC+}
rPois   ∞            m - +0 hat
rElec   .            c - +1 cloak
rCorr   .            l - +0 pair of gloves {Dex+3}
SInv    .            (boots unavailable)
Will    +....        (no amulet)
Stlth   +++          D - ring of ice
HPRegen 0.35/turn    (no ring)
MPRegen 0.00/turn

%: infuse magic (-5 HP)
@: flying
A: sickness immunity, fire resistance 2, cold vulnerability 1, float, innate
caster, HP casting, extra vitality 1
a: Renounce Religion, Minor Destruction, Lesser Servant of Makhleb, Major
Destruction, Greater Servant of Makhleb


You were on level 4 of the Lair of Beasts.
You worshipped Makhleb.
Makhleb was extremely pleased with you.
You visited 3 branches of the dungeon, and saw 15 of its levels.
You also visited: Sewer, Ossuary, Bailey and Gauntlet.

You collected 943 gold pieces.

Inventory:

Missiles
 B - 8 silver javelins
Armour
 a - the +1 ring mail of Valour {rF- Will- Dex+9 SInv}
   (You found it on level 9 of the Dungeon)

   Dex+9:     It affects your dexterity (+9).
   rF-:       It makes you vulnerable to fire.
   Will-:     It decreases your willpower.
   SInv:      It lets you see invisible.
 c - a +1 cloak (worn)
 l - a +0 pair of gloves of dexterity (worn)
 m - a +0 hat (worn)
 F - a +2 robe of cold resistance
 H - a +2 leather armour of cold resistance (worn)
Magical Staves
 j - a staff of fire (weapon)
Jewellery
 o - a ring of protection from cold
 D - a ring of ice (left hand)
 J - a ring of protection from cold
 K - the ring of Bofioxt {Str+7 SInv}
   (You found it in a Gauntlet)

   [ring of see invisible]

   Str+7:     It affects your strength (+7).
   SInv:      It lets you see invisible.
 L - a +4 ring of slaying
Wands
 b - a wand of digging (6)
 v - a wand of light (11)
 w - a wand of polymorph (9)
 x - a wand of mindburst (5)
 y - a wand of paralysis (19)
 E - a wand of warping (19)
Scrolls
 f - 9 scrolls of teleportation
 g - 2 scrolls of enchant armour
 h - a scroll of enchant weapon
 i - 3 scrolls of blinking
 k - 9 scrolls of identify
 n - 3 scrolls of immolation
 p - 5 scrolls of fear
 t - a scroll of torment
 u - 2 scrolls of fog
 C - a scroll of vulnerability
Potions
 d - 3 potions of heal wounds
 e - 5 potions of curing
 q - 2 potions of invisibility
 r - 3 potions of brilliance
 s - 4 potions of cancellation
 z - 2 potions of resistance
 A - 2 potions of might
 G - 2 potions of enlightenment
 I - 9 potions of haste


   Skills:
 + Level 9.6 Fighting
 - Level 8.0 Armour
 - Level 8.0 Dodging
 - Level 6.2 Stealth
 * Level 13.6 Spellcasting
 * Level 13.6 Conjurations
 * Level 13.6 Hexes
   Level 0.0 Charms
 * Level 13.6 Summonings
 * Level 13.6 Necromancy
 * Level 13.6 Translocations
   Level 0.0 Transmutations
 * Level 13.6 Fire Magic
 * Level 13.6 Ice Magic
 * Level 13.6 Air Magic
 * Level 13.6 Earth Magic
 * Level 13.6 Alchemy


You knew the following spells:

 Your Spells              Type           Power      Damage    Failure   Level
a - Magic Dart            Conj           100%       1d8       1%          1
b - Searing Ray           Conj           100%       2d8       1%          2
c - Fulminant Prism       Conj/Alch      35%        3d17      1%          4
d - Iskenderun's Mystic   Conj/Tloc      71%        2d14      (+2d81%     4
e - Freeze                Ice            100%       1d10      1%          1
f - Mercury Vapours       Alch/Air       100%       N/A       1%          2
g - Hailstorm             Conj/Ice       91%        3d15      1%          3
h - Flame Wave            Conj/Fire      91%        2d19      1%          4
i - Brom's Barrelling Bo  Conj/Erth      71%        2d8       1%          4
j - Lee's Rapid Deconstr  Erth           35%        3d18*     1%          5
Your spell library was empty.

Dungeon Overview and Level Annotations

Branches:
Dungeon (10/15)            Temple (1/1) D:5            Lair (4/5) D:10
  Swamp (0/4) Lair:3        Snake (0/4) Lair:3          Orc (0/2) D:10
  Sewer (visited)         Ossuary (visited)          Bailey (visited)
Gauntlet (visited)
  Slime: Lair:4-5

Altars:
Ashenzari
Cheibriados
Dithmenos
Elyvilon
Fedhas
Gozag
Hepliaklqana
Makhleb
Nemelex Xobeh
Okawaru
Qazlal
Ru
Trog
Uskayaw
Wu Jian
Xom
Yredelemnul
Zin
The Shining One
Beogh

Shops:
D:1 *

Annotations:
D:3 2 runed translucent doors, Xoff's ghost, amateur GrEE
Lair:2 2 runed translucent doors, zorb987's ghost, journeyman GnRe


Innate Abilities, Weirdness & Mutations

You are immune to sickness and miasma.
You are immune to poison.
Your flesh is very heat resistant. (rF++)
You are vulnerable to cold. (rC-)
You float through the air rather than walking.
You learn spells naturally, not from books.
Your magical power is your life essence.
You have superior vitality. (+4 MHP)


Message History

Confirm with . or Enter, or press ? or * to list all spells.
You erupt in a blast of force!
The mystic blast hits the boulder beetle!
The boulder beetle is almost dead.
The boulder beetle is knocked back by the mystic blast.
An elephant comes into view.
Unknown command.
Unknown command.
Unknown command.
Unknown command.
Casting: Iskenderun's Mystic Blast (safe; 1% risk of failure)
Confirm with . or Enter, or press ? or * to list all spells.
You erupt in a blast of force!
The mystic blast hits the boulder beetle.
The boulder beetle is almost dead.
The boulder beetle is knocked back by the mystic blast.
The mystic blast hits the elephant!
The elephant is almost dead.
A komodo dragon comes into view.
An elephant comes into view. x2
Unknown command.
Unknown command.
Unknown command.
Casting: Iskenderun's Mystic Blast (safe; 1% risk of failure)
Confirm with . or Enter, or press ? or * to list all spells.
You erupt in a blast of force!
The mystic blast hits the elephant!!
You kill the elephant!
Makhleb accepts your kill.
You feel better.
The elephant trumpets!
Unknown command.
Casting: Iskenderun's Mystic Blast (safe; 1% risk of failure)
Confirm with . or Enter, or press ? or * to list all spells.
You erupt in a blast of force!
The mystic blast hits the elephant.
The elephant is lightly wounded.
The elephant is knocked back by the mystic blast.
The mystic blast hits the boulder beetle but does no damage.
The boulder beetle is almost dead.
The boulder beetle hits you!!!
Ouch! That really hurt!
You die...

##...P# *,,,,,,* #....##
**,,,,,, #P...#### ###*###
*,,,,,, ##...##.##
#.##.P####****,,,,,
#.......###.......Y.,,,,,,**,
#.......##.....°.l..,,,,,,***
#.......#.#...°...Y.,,,,,,,,*
###PP##.....†B..PY#*,*,,,,,,,
#####.....@..YY##****,,,,,,
#..........## **,,,,,,,
##.####..### *,**,,*** ##.*
#### ******* *#*


You could see a boulder beetle (rolling), 5 elephants and a komodo dragon.

Vanquished Creatures
  A minotaur (Gauntlet)
  Harold (D:10)
  Fannar (Lair:2)
  A two-headed ogre (D:10)
  A tengu warrior (Gauntlet)
  A soul eater (Gauntlet)
  A fire crab (Gauntlet)
  Amaemon (D:9)
  A bog body (Lair:3)
  Pikel (D:9)
  A salamander (Lair:3)
  7 elephants
  2 black mambas
  Joseph (Lair:1)
  An orange demon (D:9)
  2 minotaur zombies (Gauntlet)
  7 cane toads
  A rime drake (Lair:2)
  6 komodo dragons
  A tengu conjurer (Gauntlet)
  A troll (D:10)
  A polar bear (Lair:3)
  9 blink frogs
  Prince Ribbit (Lair:3)
  Sigmund (D:6)
  A wraith (D:7)
  31 yaks
  5 wyverns
  6 fire bats (Gauntlet)
  3 basilisks
  A hell hound (Gauntlet)
  3 nagas (Lair:3)
  8 water moccasins
  8 orc warriors
  A sky beast (D:6)
  2 black bears
  3 ogres
  A crocodile (Sewer)
  An ice beast (D:7)
  5 wolves (Lair:3)
  4 lemures (D:9)
  3 centaurs
  2 phantoms
  6 kobold brigands
  A weeping skull (Ossuary)
  2 gnoll sergeants
  3 scorpions
  16 bullfrogs
  15 wights
  9 killer bees
  3 electric eels (D:9)
  4 howler monkeys
  4 bombardier beetles
  6 orc priests
  6 hounds
  4 gnoll boudas
  A spectral scorpion (Ossuary)
  A jelly (D:7)
  3 centaur skeletons (Ossuary)
  3 iguanas
  A sleepcap (D:7)
  8 orc wizards
  6 hell rats (Lair:1)
  10 mummies (Ossuary)
  31 gnolls
  6 adders
  2 river rats (Sewer)
  5 shadow imps
  3 white imps
  4 ufetubi (D:6)
  5 dart slugs
  4 ribbon worms
  52 orcs
  4 ball pythons
  4 bats
  11 endoplasms
  11 giant cockroaches
  12 goblins
  6 hobgoblins
  4 jackals (D:1)
  29 kobolds
  7 quokkas
  4 frilled lizards
  3 gnoll skeletons (Ossuary)
  2 orc skeletons (Ossuary)
  8 rats
  10 spectral rats (Ossuary)
479 creatures vanquished.

Vanquished Creatures (others)
  An orc (D:9)
  27 fulminant prisms
28 creatures vanquished.

Grand Total: 507 creatures vanquished

Notes
Turn   | Place    | Note
-------+----------+-------------------------------------------
     0 | D:1      | shadizar the Djinni Conjurer began the quest for the Orb.
     0 | D:1      | shadizar set off with the following spells memorised: Magic
                  | Dart, Searing Ray, Fulminant Prism, Iskenderun's Mystic
                  | Blast.
     0 | D:1      | Reached XP level 1. HP: 15/15 MP: 0/0
     3 | D:1      | Noticed a troll
     5 | D:1      | Noticed a vine stalker
     7 | D:1      | Noticed a merfolk
     8 | D:1      | Noticed a troll
    12 | D:1      | Noticed an elf
    12 | D:1      | Noticed a gargoyle
    14 | D:1      | Noticed a djinni
    14 | D:1      | Noticed an elf
    14 | D:1      | Noticed a spriggan
    16 | D:1      | Noticed a troll
    16 | D:1      | Noticed a felid
    16 | D:1      | Noticed an elf
    18 | D:1      | Noticed a djinni
    18 | D:1      | Noticed a minotaur
    20 | D:1      | Noticed a demonspawn
   100 | D:1      | Reached XP level 2. HP: 21/21 MP: 0/0
   295 | D:1      | Found Miyhoh's Assorted Antiques.
   417 | D:1      | Reached XP level 3. HP: 22/25 MP: 0/0
   417 | D:1      | Learned a level 1 spell: Freeze
   977 | D:2      | Reached XP level 4. HP: 29/31 MP: 0/0
  1728 | D:3      | Reached skill level 5 in Spellcasting
  1728 | D:3      | Reached skill level 5 in Conjurations
  1728 | D:3      | Reached skill level 5 in Hexes
  1728 | D:3      | Reached skill level 5 in Summonings
  1728 | D:3      | Reached skill level 5 in Necromancy
  1728 | D:3      | Reached skill level 5 in Translocations
  1728 | D:3      | Reached skill level 5 in Fire Magic
  1728 | D:3      | Reached skill level 5 in Ice Magic
  1728 | D:3      | Reached skill level 5 in Air Magic
  1728 | D:3      | Reached skill level 5 in Earth Magic
  1728 | D:3      | Reached skill level 5 in Alchemy
  1728 | D:3      | Reached XP level 5. HP: 30/35 MP: 0/0
  1728 | D:3      | Learned a level 2 spell: Mercury Vapours
  1890 | D:3      | Found a large runed translucent door.
  1893 | D:3      | Found a large runed translucent door.
  1895 | D:3      | Noticed Xoff's ghost (amateur GrEE)
  2454 | D:3      | Found a bloodstained altar of Trog.
  2515 | D:3      | Found a blossoming altar of Fedhas.
  2985 | D:4      | Noticed an ogre
  2990 | D:4      | Killed an ogre
  2991 | D:4      | Reached XP level 6. HP: 34/40 MP: 0/0
  3136 | D:4      | Found a glowing drain.
  3155 | Sewer    | Entered a sewer
  3308 | Sewer    | Noticed a crocodile
  3323 | Sewer    | Killed a crocodile
  3324 | Sewer    | Reached XP level 7. HP: 22/45 MP: 0/0
  3324 | Sewer    | Learned a level 3 spell: Hailstorm
  3744 | D:4      | Found a stormy altar of Qazlal.
  4161 | D:4      | Reached XP level 8. HP: 24/51 MP: 0/0
  4533 | D:5      | Entered Level 5 of the Dungeon
  4536 | D:5      | Reached skill level 1 in Fighting
  4536 | D:5      | Reached skill level 1 in Armour
  4669 | D:5      | Found a sand-covered staircase.
  4730 | Ossuary  | Entered an ossuary
  5363 | Ossuary  | Reached XP level 9. HP: 39/61 MP: 0/0
  5363 | Ossuary  | Learned a level 4 spell: Flame Wave
  6023 | D:5      | Found a staircase to the Ecumenical Temple.
  6226 | D:5      | Reached skill level 5 in Dodging
  6271 | Temple   | Entered the Ecumenical Temple
  6281 | Temple   | Became a worshipper of Makhleb the Destroyer
  7217 | D:6      | Noticed Sigmund
  7225 | D:6      | Reached * piety under Makhleb
  7400 | D:6      | Reached skill level 5 in Fighting
  7400 | D:6      | Reached skill level 5 in Armour
  7406 | D:6      | Reached XP level 10. HP: 43/70 MP: 0/0
  7417 | D:6      | Killed Sigmund
  9014 | D:7      | Reached ** piety under Makhleb
  9160 | D:7      | Found a glowing golden altar of the Shining One.
  9627 | D:8      | Found a flagged portal.
  9636 | D:8      | Reached XP level 11. HP: 54/76 MP: 0/0
  9636 | D:8      | Learned a level 4 spell: Brom's Barrelling Boulder
  9675 | Bailey   | Entered a bailey
  9858 | Bailey   | Reached *** piety under Makhleb
 10527 | D:8      | Found a shadowy altar of Dithmenos.
 10739 | D:9      | Found a hide-covered altar of Uskayaw.
 10774 | D:9      | Identified the +1 ring mail of Valour {rF- Will- Dex+9
                  | SInv}
 11095 | D:9      | Noticed Amaemon
 11107 | D:9      | Killed Amaemon
 11108 | D:9      | Reached skill level 5 in Stealth
 11118 | D:9      | Noticed Pikel
 11139 | D:9      | Killed Pikel
 11316 | D:9      | Reached **** piety under Makhleb
 12179 | D:10     | Entered Level 10 of the Dungeon
 12312 | D:10     | HP: 2/76 [wyvern (11)]
 12538 | D:10     | Noticed Harold
 12551 | D:10     | Killed Harold
 12940 | D:10     | Found a roughly hewn altar of Beogh.
 12940 | D:10     | Found a staircase to the Orcish Mines.
 13227 | D:10     | Reached skill level 10 in Spellcasting
 13227 | D:10     | Reached skill level 10 in Conjurations
 13227 | D:10     | Reached skill level 10 in Hexes
 13227 | D:10     | Reached skill level 10 in Summonings
 13227 | D:10     | Reached skill level 10 in Necromancy
 13227 | D:10     | Reached skill level 10 in Translocations
 13227 | D:10     | Reached skill level 10 in Fire Magic
 13227 | D:10     | Reached skill level 10 in Ice Magic
 13227 | D:10     | Reached skill level 10 in Air Magic
 13227 | D:10     | Reached skill level 10 in Earth Magic
 13227 | D:10     | Reached skill level 10 in Alchemy
 13228 | D:10     | Noticed a two-headed ogre
 13238 | D:10     | Killed a two-headed ogre
 13339 | D:10     | Reached XP level 12. HP: 10/84 MP: 0/0
 13634 | D:10     | Found a basalt altar of Yredelemnul.
 13689 | D:10     | Found a staircase to the Lair.
 13937 | Lair:1   | Entered Level 1 of the Lair of Beasts
 14929 | Lair:1   | Noticed Joseph
 14947 | Lair:1   | Killed Joseph
 15676 | Lair:2   | Noticed Fannar
 15686 | Lair:2   | Killed Fannar
 15708 | Lair:2   | Reached ***** piety under Makhleb
 16165 | Lair:2   | Found a large runed translucent door.
 16165 | Lair:2   | Found a large runed translucent door.
 16166 | Lair:2   | Noticed zorb987's ghost (journeyman GnRe)
 16902 | Lair:3   | Found a burning altar of Makhleb.
 17052 | Lair:3   | Reached XP level 13. HP: 51/90 MP: 0/0
 17052 | Lair:3   | Learned a level 5 spell: Lee's Rapid Deconstruction
 17440 | Lair:3   | Found a staircase to the Swamp.
 17565 | Lair:3   | Noticed Prince Ribbit
 17581 | Lair:3   | Killed Prince Ribbit
 18072 | Lair:3   | Found a staircase to the Snake Pit.
 18599 | Lair:4   | Found a gate leading to a gauntlet.
 18610 | Gauntlet | Entered a Gauntlet
 18610 | Gauntlet | Found a transporter.
 18610 | Gauntlet | Found a transporter.
 18725 | Gauntlet | Found a transporter.
 18728 | Gauntlet | Found a transporter.
 18728 | Gauntlet | Found a transporter.
 18730 | Gauntlet | Found a transporter.
 18742 | Gauntlet | Found a transporter.
 18746 | Gauntlet | Found a transporter.
 18767 | Gauntlet | Found a transporter.
 18788 | Gauntlet | Found a transporter.
 18806 | Gauntlet | Found a transporter.
 18810 | Gauntlet | Found a transporter.
 19138 | Gauntlet | Noticed a minotaur
 19146 | Gauntlet | Killed a minotaur
 19152 | Gauntlet | Identified the ring of Bofioxt {Str+7 SInv}
 19383 | Lair:4   | Slain by a boulder beetle

Illustrated notes

Levels and vault maps discovered:
D:1:      shiori_arrival_whats_in_store_for_you, layout_basic, serial_shops,
          shop
D:2:      layout_loops_cross
D:3:      layout_loops_ring, minitemple, ebering_ghost_disaster_area,
          kennysheep_generic_room_15
D:4:      minmay_wonky_spiral, layout_basic, mainiacjoe_overflow_paths,
          portal_sewer_entry_b
D:5:      layout_basic, temple_statues, enter_ossuary_2
D:6:      layout_cave_pools, minmay_joined_circles, uniq_sigmund
D:7:      layout_loops_ring, marbit_many_paths, serial_glass, glass_columns_a,
          glass_columns_a
D:8:      layout_loops_ring, lemuel_coloured_pillars_altar, enter_bailey_3
D:9:      layout_big_octagon, kennysheep_little_box, uniq_pikel, uniq_amaemon
D:10:     layout_irregular_city, lemuel_crystal_altar, lair_entry_dummy,
          david_orc_5, uniq_harold
Temple:   nicolae_temple_bog_church
Lair:1:   layout_regular_city, minivault_23, st_stairs_10, uniq_joseph
Lair:2:   layout_long_grid, ebering_ghost_disaster_area, st_stairs_9,
          uniq_fannar
Lair:3:   layout_regular_city, skrybe_swamp_entry_bodies,
          alex1729_snake_entry_snake, basic_altar, serial_bayou_lagoon_a,
          uniq_prince_ribbit2
Lair:4:   layout_cellular_growth, portal_ice_cave_entry_pillars_1,
          gauntlet_entry_generic, infiniplex_staircase_pool_2

Skill      XL: |  1  2  3  4  5  6  7  8  9 10 11 12 13 |
---------------+----------------------------------------+-----
Spellcasting   | 4 5 6 7 8 9 10 12 13 | 13.6
Conjurations   | 4 5 6 7 8 9 10 12 13 | 13.6
Hexes          | 4 5 6 7 8 9 10 12 13 | 13.6
Summonings     | 4 5 6 7 8 9 10 12 13 | 13.6
Necromancy     | 4 5 6 7 8 9 10 12 13 | 13.6
Translocations | 4 5 6 7 8 9 10 12 13 | 13.6
Fire Magic     | 4 5 6 7 8 9 10 12 13 | 13.6
Ice Magic      | 4 5 6 7 8 9 10 12 13 | 13.6
Air Magic      | 4 5 6 7 8 9 10 12 13 | 13.6
Earth Magic    | 4 5 6 7 8 9 10 12 13 | 13.6
Alchemy        | 4 5 6 7 8 9 10 12 13 | 13.6
Fighting       | 3 5 6 7 9 |  9.6
Armour         | 3 5 6 7 8 |  8.0
Dodging        | 4 6 7 8 |  8.0
Stealth        | 4 6 |  6.2

Action                     |  1- 3 |  4- 6 |  7- 9 | 10-12 | 13-15 || total
---------------------------+-------+-------+-------+-------+-------++-------
  Melee: Unarmed           |       |       |     3 |     4 |       ||     7
         Staff             |       |       |       |       |     3 ||     3
   Cast: Magic Dart        |    64 |   121 |   110 |   363 |    73 ||   731
         Searing Ray       |       |     4 |     2 |     2 |       ||     8
         Mercury Vapours   |       |     1 |       |       |       ||     1
         Iskenderun's Myst |       |     6 |   116 |   264 |   119 ||   505
         Fulminant Prism   |       |       |     2 |    19 |     6 ||    27
         Lee's Rapid Decon |       |       |       |       |     7 ||     7
    Use: Potion            |       |     2 |     1 |     3 |       ||     6
         Scroll            |       |       |       |    25 |     1 ||    26
 Armour: Robe              |    11 |    17 |    45 |    12 |       ||    85
         Leather armour    |       |       |       |    83 |    37 ||   120
  Dodge: Dodged            |    12 |     8 |    43 |    89 |    21 ||   173

Table legend: (Time is in decaauts)
 A = Elapsed time spent in this place.
 B = Non-inter-level travel time spent in this place.
 C = Inter-level travel time spent in this place.
 D = Time resting spent in this place.
 E = Time spent auto-exploring this place.
 F = Levels seen in this place.
 G = Mean time per level.
                   A        B        C        D        E       F      G
               +--------+--------+--------+--------+--------+-----+--------+
         Total |  19385 |  18904 |    481 |      0 |  15368 |  19 | 1020.3 |
       Dungeon |  11922 |  11526 |    396 |      0 |   9425 |  10 | 1192.2 |
        Temple |     20 |      1 |     19 |      0 |      0 |   1 |   20.0 |
          Lair |   4733 |   4668 |     65 |      0 |   3875 |   4 | 1183.2 |
         Sewer |    559 |    559 |      0 |      0 |    442 |   1 |  559.0 |
       Ossuary |    949 |    949 |      0 |      0 |    762 |   1 |  949.0 |
        Bailey |    487 |    487 |      0 |      0 |    427 |   1 |  487.0 |
      Gauntlet |    711 |    711 |      0 |      0 |    437 |   1 |  711.0 |
               +--------+--------+--------+--------+--------+-----+--------+

Top non-repeatable levels by time:
     D:9: 1674 daAuts
  Lair:3: 1632 daAuts
  Lair:2: 1478 daAuts
  Lair:1: 1454 daAuts
     D:6: 1450 daAuts
    D:10: 1419 daAuts
     D:4: 1323 daAuts
     D:7: 1226 daAuts
     D:5: 1183 daAuts
     D:8: 996 daAuts
     D:1: 974 daAuts
 Ossuary: 949 daAuts
     D:3: 928 daAuts
     D:2: 745 daAuts
Gauntlet: 711 daAuts
